 Dungeon Crawl Stone Soup version 0.21.1-1-g345015f (webtiles) character file.

5773 lyrx the Destroyer (level 10, 0/63 HPs)
             Began as a Demonspawn Conjurer on Apr 4, 2018.
             Was a Believer of Vehumet.
             Slain by a troll (2 damage)
             ... on level 9 of the Dungeon.
             The game lasted 01:26:04 (10891 turns).

lyrx the Destroyer (Demonspawn Conjurer)           Turns: 10891, Time: 01:26:05

Health: 0/63       AC: 10    Str: 11    XL:     10   Next: 49%
Magic:  0/18       EV: 15    Int: 19    God:    Vehumet [**....]
Gold:   105        SH:  8    Dex: 15    Spells: 13/20 levels left

rFire    . . .     SeeInvis .   q - +2 war axe (flame)
rCold    . . .     Gourm    .   g - +3 buckler
rNeg     . . .     Faith    .   w - +0 robe "Limman" {Str+3 Slay+2}
rPois    +         Spirit   +   (no helmet)
rElec    .         Reflect  .   B - +2 cloak {+Inv}
rCorr    +         Harm     .   (no gloves)
MR       .....                  (boots unavailable)
Stlth    ++........             (no amulet)
HPRegen  0.20/turn              E - ring of flight
MPRegen  0.16/turn              (no ring)

@: no status effects
A: hooves 3, yellow scales 3, blurry vision 1, poison resistance, powered by
pain 1, shaggy fur 1, magic shield
a: Renounce Religion, Evoke Invisibility, Evoke Flight


You were on level 9 of the Dungeon.
You worshipped Vehumet.
Vehumet was pleased with you.
You were not hungry.

You visited 2 branches of the dungeon, and saw 10 of its levels.

You collected 547 gold pieces.
You spent 442 gold pieces at shops.

Inventory:

Hand Weapons
 f - a +0 hunting sling
 q - a +2 war axe of flaming (weapon)
 s - a +0 blowgun
 y - the +2 great mace "Iripyl" {freeze, SInv}
   (You bought it in a shop on level 7 of the Dungeon)

   It has been specially enchanted to freeze those struck by it, causing extra
   injury to most foes and up to half again as much damage against particularly
   susceptible opponents.
   It can also slow down cold-blooded creatures.
   It lets you see invisible.
 G - a +4 quick blade
Missiles
 d - 80 poisoned needles
 e - 296 stones (quivered)
 v - 64 sling bullets
 F - 8 curare-tipped needles
Armour
 g - a +3 buckler (worn)
 w - the +0 robe "Limman" (worn) {Str+3 Slay+2}
   (You acquired it on level 7 of the Dungeon)

   It affects your strength (+3).
   It affects your accuracy and damage with ranged weapons and melee attacks
   (+2).
 x - a scarf of resistance
 B - a +2 cloak of invisibility (worn)
Jewellery
 E - a ring of flight (left hand)
Wands
 a - a wand of acid (1)
 k - a wand of polymorph (12)
 m - a wand of iceblast (8)
 z - a wand of paralysis (20)
 D - a wand of flame (25)
Scrolls
 j - a scroll of amnesia
 p - 2 scrolls of identify
 t - a scroll of remove curse
 A - 2 scrolls of magic mapping
 H - 2 scrolls of teleportation
Potions
 h - a potion of mutation
 i - a potion of agility
 l - 3 potions of heal wounds
 n - a potion of might
 o - 2 potions of lignification
 r - 2 potions of curing
 u - a potion of brilliance
Books
 b - a book of Conjurations

   Spells                             Type                      Level
   a - Magic Dart                     Conjuration                  1
   b - Searing Ray                    Conjuration                  2
   c - Dazzling Spray                 Conjuration/Hexes            3
   d - Fulminant Prism                Conjuration/Hexes            4
   e - Force Lance                    Conjuration/Translocation    4
   f - Iskenderun's Mystic Blast      Conjuration                  4
 C - a book of Frost

   Spells                             Type                      Level
   a - Freeze                         Ice                          1
   b - Throw Frost                    Conjuration/Ice              2
   c - Ozocubu's Armour               Charms/Ice                   3
   d - Throw Icicle                   Conjuration/Ice              4
   e - Summon Ice Beast               Ice/Summoning                4
 I - the Almanac of the Earthen Traveller
   (You found it on level 9 of the Dungeon)

   Spells                             Type                      Level
   a - Stone Arrow                    Conjuration/Earth            3
   b - Gell's Gravitas                Translocation                3
   c - Dispersal                      Translocation                6
   d - Disjunction                    Translocation                8
Miscellaneous
 K - a crystal ball of energy
 L - a lightning rod (4/4)
 M - a fan of gales
 N - a phial of floods
Comestibles
 c - 12 rations


   Skills:
 + Level 5.1 Dodging
 - Level 1.7 Stealth
 - Level 4.0 Shields
 + Level 5.7 Spellcasting
 * Level 12.9 Conjurations
 + Level 2.0 Evocations


You had 13 spell levels left.
You knew the following spells:

 Your Spells              Type           Power        Failure   Level  Hunger
a - Magic Dart            Conj           ####         1%          1    None
b - Searing Ray           Conj           ######       1%          2    None
c - Iskenderun's Mystic   Conj           ######..     1%          4    ####...


Dungeon Overview and Level Annotations

Branches:
Dungeon (9/15)             Temple (1/1) D:7             Orc (0/2) D:9
   Lair: D:8-11

Altars:
Ashenzari
Cheibriados
Dithmenos
Elyvilon
Fedhas
Gozag
Hepliaklqana
Kikubaaqudgha
Makhleb
Nemelex Xobeh
Okawaru
Qazlal
Ru
Sif Muna
Trog
Uskayaw
Vehumet
Wu Jian
Xom
Yredelemnul
Zin
The Shining One

Shops:
D:6 (   D:7 *

Annotations:
D:9 shugdite's ghost, journeyman KoGl


Innate Abilities, Weirdness & Mutations

You have hooves in place of feet.
You are completely covered in yellow scales. (AC +4, rCorr)
You sometimes gain a little power by taking damage.
When hurt, damage is shared between your health and your magic reserves.
Scrolls take you a little longer to read.
Your system is resistant to poisons. (rPois)
You are covered in fur. (AC +1)


Message History

Confirm with . or Enter, or press ? or * to list all spells.
Aiming: Searing Ray
Press: ? - help, Shift-Dir - straight line, f/p - troll
Aim: a troll (heavily wounded)
The searing ray hits the troll.
The troll is severely wounded. (Press . to maintain the ray.)
You block the troll's attack. The troll claws you!
The troll claws you but does no damage. You block the big kobold's attack.
The searing ray hits the troll.
The troll is almost dead.
The troll barely misses you. The troll claws you! x2
* * * LOW HITPOINT WARNING * * *
The big kobold hits you but does no damage.
You closely miss the troll.
The troll is almost dead.
You hit the big kobold. You burn the big kobold. The troll bites you!
* * * LOW HITPOINT WARNING * * *
You block the troll's attack. The troll claws you.
You die...

.........# #.......######
.g.......#########.......#.....
.........................#.....
.........................#.....
...###.#####.#####.###...#.....
.. ..#..#..#..#.....#...#(....
. #.# ..#.#.#.#.....#...#[<...
... #..#.#K..........'.....
..#.. #.#.#.#@#.....#...#.....
.. .....#..#T.#.....#...######
.. #.# ###.#####.###..... ..
##..#.#...#..#.##.......
.....## #.#..}..#..#.##....T..#
......# #...#....#.#.........#
.....#.# ##.....##.#..#.......#
.....#..## #...#.##.#..#.......
.....###.#####.#####.###.......


You could see a troll and a big kobold.

Vanquished Creatures
  The ghost of Lucio the Covert, a novice SpEn of Makhleb (D:8)
  Joseph (D:7)
  Maurice (D:8)
  2 trolls (D:9)
  A slime creature (D:9)
  A hippogriff (D:9)
  2 hungry ghosts
  A black bear (D:9)
  2 sky beasts
  2 orc warriors
  5 ogres
  A phantom (D:8)
  5 centaurs
  4 big kobolds
  A wyvern zombie (D:9)
  2 bullfrogs
  5 killer bees (D:9)
  3 scorpions
  3 wights (D:8)
  A howler monkey (D:4)
  2 vampire bats (D:7)
  2 crimson imps
  A centaur zombie (D:6)
  A quasit (D:8)
  7 orc priests
  2 hounds (D:6)
  A bullfrog skeleton (D:9)
  Crazy Yiuf (D:4)
  A centaur skeleton (D:4)
  2 jellies
  6 orc wizards
  3 iguanas (D:9)
  6 worker ants
  A hound zombie (D:8)
  A worker ant zombie (D:6)
  13 adders
  A howler monkey skeleton (D:5)
  A shadow imp (D:7)
  2 oozes
  3 dart slugs
  8 leopard geckos
  30 orcs
  15 bats
  4 bat skeletons (D:7)
  2 bat zombies (D:7)
  10 giant cockroaches
  13 hobgoblins
  16 jackals
  3 quokkas
  2 ball pythons
  7 frilled lizards
  10 goblins
  24 kobolds
  2 leopard gecko skeletons
  10 rats
257 creatures vanquished.

Vanquished Creatures (collateral kills)
  A centaur skeleton (D:7)
  An orc (D:7)
2 creatures vanquished.

Grand Total: 259 creatures vanquished

Notes
Turn   | Place    | Note
-------+----------+-------------------------------------------
     0 | D:1      | lyrx the Demonspawn Conjurer began the quest for the Orb.
     0 | D:1      | Reached XP level 1. HP: 13/13 MP: 3/3
   168 | D:1      | Gained mutation: You are partially covered in yellow scales. (AC +2) [demonic ancestry]
   168 | D:1      | Reached XP level 2. HP: 18/19 MP: 0/5
   206 | D:1      | Learned a level 2 spell: Searing Ray
   574 | D:2      | Reached skill level 5 in Conjurations
   574 | D:2      | Gained mutation: You have large cloven feet. [demonic ancestry]
   574 | D:2      | Reached XP level 3. HP: 21/24 MP: 3/6
  1258 | D:2      | Found a sacrificial altar of Ru.
  1323 | D:2      | Gained mutation: When hurt, damage is shared between your health and your magic reserves. [demonic ancestry]
  1323 | D:2      | Reached XP level 4. HP: 29/30 MP: 5/7
  1346 | D:2      | Learned a level 4 spell: Iskenderun's Mystic Blast
  1665 | D:2      | Reached skill level 6 in Conjurations
  2294 | D:3      | Found a hide-covered altar of Uskayaw.
  2656 | D:3      | Gained mutation: You have hoof-like feet. [demonic ancestry]
  2656 | D:3      | Reached XP level 5. HP: 35/35 MP: 3/8
  3125 | D:3      | Found a white marble altar of Elyvilon.
  3244 | D:4      | Reached skill level 7 in Conjurations
  3446 | D:4      | Reached skill level 1 in Shields
  3446 | D:4      | Gained mutation: You are mostly covered in yellow scales. (AC +3) [demonic ancestry]
  3446 | D:4      | Reached XP level 6. HP: 41/41 MP: 4/9
  3528 | D:4      | Found a deep blue altar of Sif Muna.
  3864 | D:4      | Reached skill level 8 in Conjurations
  4093 | D:4      | Found a runed door.
  4098 | D:4      | Noticed Crazy Yiuf
  4103 | D:4      | Killed Crazy Yiuf
  4252 | D:4      | You fall through a shaft!
  4252 | D:5      | Entered Level 5 of the Dungeon
  4555 | D:5      | Gained mutation: You sometimes gain a little power by taking damage. [demonic ancestry]
  4555 | D:5      | Reached XP level 7. HP: 46/46 MP: 1/10
  4821 | D:5      | Found a snail-covered altar of Cheibriados.
  4823 | D:5      | Gained mutation: You do not regenerate when monsters are visible. [potion of mutation]
  4823 | D:5      | Gained mutation: Your spells are a little easier to cast, but a little less powerful. [potion of mutation]
  4823 | D:5      | Gained mutation: You have hooves in place of feet. [potion of mutation]
  4824 | D:5      | Lost mutation: You have hooves in place of feet. [potion of mutation]
  4824 | D:5      | Lost mutation: Your spells are a little easier to cast, but a little less powerful. [potion of mutation]
  4824 | D:5      | Gained mutation: You are covered in fur. (AC +1) [potion of mutation]
  4824 | D:5      | Gained mutation: You are somewhat resistant to further mutation. [potion of mutation]
  4825 | D:5      | Lost mutation: You do not regenerate when monsters are visible. [potion of mutation]
  4825 | D:5      | Lost mutation: You are somewhat resistant to further mutation. [potion of mutation]
  4825 | D:5      | Gained mutation: Scrolls take you a little longer to read. [potion of mutation]
  4825 | D:5      | Gained mutation: Your system is resistant to poisons. (rPois) [potion of mutation]
  4987 | D:5      | Reached skill level 9 in Conjurations
  5248 | D:5      | Found a stormy altar of Qazlal.
  5589 | D:6      | Gained mutation: You have hooves in place of feet. [demonic ancestry]
  5589 | D:6      | Reached XP level 8. HP: 39/52 MP: 0/11
  5921 | D:6      | Reached skill level 10 in Conjurations
  6029 | D:6      | Found Bosene Noyd's Weapon Boutique.
  6212 | D:6      | Found a white marble altar of Elyvilon.
  6567 | D:7      | Found a blossoming altar of Fedhas.
  6645 | D:7      | Found Meficirgh's Assorted Antiques.
  6650 | D:7      | Bought a fuming purple potion for 20 gold pieces
  6650 | D:7      | Bought a scroll labeled DOWOAM YSMOTOMUE for 23 gold pieces
  6650 | D:7      | Bought a metallic sapphire potion for 20 gold pieces
  6650 | D:7      | Bought a twisted great mace for 264 gold pieces
  6650 | D:7      | Bought a jewelled bronze wand for 92 gold pieces
  6650 | D:7      | Bought a scroll labeled VUPOTO LATREL for 23 gold pieces
  6655 | D:7      | Identified the +2 great mace "Iripyl" {freeze, SInv} (You bought it in a shop on level 7 of the Dungeon)
  7060 | D:7      | Reached skill level 11 in Conjurations
  7116 | D:7      | Identified a scroll of acquirement
  7118 | D:7      | Got a twisted robe
  7129 | D:7      | Identified the +0 robe "Limman" {Str+3 Slay+2} (You acquired it on level 7 of the Dungeon)
  7247 | D:7      | Found a staircase to the Ecumenical Temple.
  7256 | Temple   | Entered the Ecumenical Temple
  7461 | Temple   | Became a worshipper of Vehumet
  7520 | D:7      | Noticed Joseph
  7529 | D:7      | Killed Joseph
  7529 | D:7      | Reached XP level 9. HP: 50/57 MP: 2/13
  7899 | D:7      | Found an ancient bone altar of Kikubaaqudgha.
  8219 | D:8      | Found a bloodstained altar of Trog.
  8264 | D:8      | Noticed Maurice
  8281 | D:8      | Paralysed by Maurice for 2 turns
  8297 | D:8      | Paralysed by something for 2 turns
  8311 | D:8      | Reached * piety under Vehumet
  8311 | D:8      | Offered knowledge of Sting by Vehumet.
  8702 | D:8      | Paralysed by Maurice for 2 turns
  8745 | D:8      | Killed Maurice
  8745 | D:8      | Reached skill level 12 in Conjurations
  8818 | D:8      | Reached skill level 1 in Evocations
  8985 | D:8      | Noticed Lucio's ghost (novice SpEn)
  9020 | D:8      | Killed Lucio's ghost
  9498 | D:9      | Gained mutation: You are completely covered in yellow scales. (AC +4, rCorr) [demonic ancestry]
  9498 | D:9      | Reached XP level 10. HP: 44/63 MP: 1/17
  9512 | D:9      | Noticed a cyclops
  9999 | D:9      | Reached skill level 5 in Spellcasting
 10153 | D:9      | Noticed shugdite's ghost (journeyman KoGl)
 10280 | D:9      | Reached ** piety under Vehumet
 10281 | D:9      | Offered knowledge of Throw Flame by Vehumet.
 10339 | D:9      | Found a staircase to the Orcish Mines.
 10482 | D:9      | Noticed a catoblepas
 10579 | D:9      | Identified the Almanac of the Earthen Traveller
 10687 | D:9      | Reached skill level 5 in Dodging
 10891 | D:9      | HP: 2/63 [troll (13)]
 10891 | D:9      | Slain by a troll

Skill      XL: |  1  2  3  4  5  6  7  8  9 10 |
---------------+-------------------------------+-----
Conjurations   | 5 6 7 8 9 11 12 | 12.9
Shields        | 1 2 4 |  4.0
Dodging        | 2 3 5 |  5.1
Spellcasting   | 3 4 5 |  5.7
Evocations     | 1 2 |  2.0
Stealth        | |  1.7

Action                   |  1- 3 |  4- 6 |  7- 9 | 10-12 || total
-------------------------+-------+-------+-------+-------++-------
Melee: Unarmed           |    20 |       |       |       ||    20
       Club              |    69 |   117 |       |       ||   186
       Kick              |     9 |    27 |    27 |    10 ||    73
       War axe           |       |    34 |   166 |    55 ||   255
       Dagger            |       |     4 |       |       ||     4
       Great mace        |       |       |     6 |       ||     6
Throw: Stone             |    18 |       |     9 |       ||    27
 Cast: Magic Dart        |    42 |    73 |    37 |    18 ||   170
       Searing Ray       |     7 |    14 |    27 |    13 ||    61
       Iskenderun's Myst |       |     6 |    42 |    20 ||    68
 Abil: Evoke Invisibilit |       |       |       |     1 ||     1
Evoke: Wand              |       |       |    11 |       ||    11
  Use: Scroll            |     2 |     5 |     7 |       ||    14
       Potion            |     2 |       |    12 |       ||    14
 Stab: Sleeping          |     2 |     2 |     1 |     1 ||     6
  Eat: Chunk             |     3 |     7 |    15 |     2 ||    27
       Ration            |       |     2 |     4 |     2 ||     8
Armor: Robe              |    36 |    71 |    78 |    28 ||   213
Dodge: Dodged            |    93 |   149 |   148 |    55 ||   445
Block: Buckler           |       |    20 |    96 |    45 ||   161
